 Dungeon Crawl Stone Soup version 0.29.1-12-g30fa7ad0bf (webtiles) character file.

Game seed: 10057691131797290964

1126 hawla the Chiller (level 8, -12/57 HPs)
             Began as a Meteoran Ice Elementalist on Dec 15, 2022.
             Was an Initiate of Vehumet.
             Mangled by an ice beast (14 damage)
             ... on level 6 of the Dungeon.
             The game lasted 00:09:30 (1658 turns).

hawla the Chiller (Meteoran Ice Elementalist)       Turns: 1658, Time: 00:09:30

Health: -12/57     AC:  2    Str:  8 (9)  XL:     8   Next: 93%
Magic:  0/17       EV: 13    Int: 17 (18) God:    Vehumet [......]
Gold:   183        SH:  0    Dex: 15 (16) Spells: 7/18 levels left

rFire   . . .      SeeInvis .   f - +2 long sword (vorpal)
rCold   . . .      Faith    .   (no shield)
rNeg    . . .      Spirit   .   a - +0 robe
rPois   .          Reflect  .   (no helmet)
rElec   .          Harm     .   (no cloak)
rCorr   +          Rampage  .   (no gloves)
Will    +....                   (no boots)
Stlth   +.........              (no amulet)
HPRegen 0.19/turn               n - ring of resist corrosion
MPRegen 0.15/turn               (no ring)

@: very slightly contaminated, glowing
A: sense surroundings 1, otherworldly, glowing, explore regen
a: Renounce Religion


You were on level 6 of the Dungeon.
You worshipped Vehumet.
Vehumet was noncommittal.
You visited 2 branches of the dungeon, and saw 7 of its levels.

You collected 183 gold pieces.

Inventory:

Hand Weapons
 f - a +2 vorpal long sword (weapon)
Armour
 a - a +0 robe (worn)
Jewellery
 n - a ring of resist corrosion (left hand)
Wands
 b - a wand of flame (15) (quivered)
 c - a wand of digging (4)
Scrolls
 j - a scroll of blinking {unknown}
 m - a scroll of teleportation {unknown}
Potions
 d - a potion of might
 i - a potion of invisibility {unknown}
 k - a potion of brilliance {unknown}
 l - a potion of mutation {unknown}


   Skills:
 - Level 0.2 Fighting
 - Level 2.0 Long Blades
 - Level 3.0 Dodging
 - Level 1.4 Stealth
 - Level 5.9 Spellcasting
 - Level 5.8 Conjurations
 + Level 2.5 Hexes
 + Level 3.1 Fire Magic
 - Level 6.8 Ice Magic
 - Level 2.0 Evocations


You had 7 spell levels left.
You knew the following spells:

 Your Spells              Type           Power      Damage    Failure   Level
a - Freeze                Ice            100%       1d11      1%          1
b - Frozen Ramparts       Ice            56%        1d9       2%          3
c - Hailstorm             Conj/Ice       26%        3d7       10%         4
d - Inner Flame           Hex/Fire       14%        N/A       12%         3

Your spell library contained the following spells:

 Spells                   Type           Power      Damage    Failure   Level
 Ozocubu's Armour         Ice            28%        N/A       2%          3
 Ice Form                 Ice/Tmut       16%        N/A       32%         4
 Cause Fear               Hex            6%         N/A       43%         4
 Simulacrum               Ice/Necr       8%         N/A       99%         6
 Discord                  Hex            6%         N/A       100%        8


Dungeon Overview and Level Annotations

Branches:
Dungeon (6/15) Zot: 2183   Temple (1/1) D:4 Zot: 342

Altars:
Cheibriados
Dithmenos
Elyvilon
Fedhas
Gozag
Kikubaaqudgha
Makhleb
Nemelex Xobeh
Okawaru
Ru
Trog
Uskayaw
Vehumet
Wu Jian
Yredelemnul
Zin
The Shining One

Shops:
D:1 ?[


Innate Abilities, Weirdness & Mutations

You passively map a small area around you.
You are easily found by Zot.
You glow in the dark.
You regain HP and MP as you explore.


Message History

The orc shouts!
You hear a shout!
Your life force feels restored.
Your Hexes skill gained 2 levels and is now at level 2!
Your Fire Magic skill gained 3 levels and is now at level 3!
Casting: Hailstorm (dangerous; 9% risk of failure)
Confirm with . or Enter, or press ? or * to list all spells.
Aiming: Freeze (safe; 1% risk of failure)
Press: ? - help, Shift-Dir - straight line, f - ice beast
Aim: an ice beast You freeze the ice beast but do no damage.
The ice beast completely resists.
The ice beast completely misses you. The jelly hits you.
You are splashed with acid.
You resist.
Unknown command.
You hit the ice beast.
The ice beast is moderately wounded.
The jelly closely misses you. The ice beast hits you.
The ice beast freezes you!
It was a potion of degeneration.
There was something very wrong with that liquid.
You feel weakened.
You feel dopey.
You feel clumsy. The ice beast barely misses you. The jelly hits you.
You are splashed with acid.
You resist.
* * * LOW HITPOINT WARNING * * *
The air fills with toxic fumes!
As you read the scroll labelled NUID HIC MISU, it crumbles to dust.
It was a scroll of poison.
The ice beast hits you.
* * * LOW HITPOINT WARNING * * *
The ice beast freezes you!
* * * LOW HITPOINT WARNING * * *
The jelly hits you but does no damage.
You feel better. The ice beast hits you.
* * * LOW HITPOINT WARNING * * *
The ice beast freezes you!
* * * LOW HITPOINT WARNING * * *
The jelly barely misses you.
Unknown command.
You feel better. The ice beast hits you.
* * * LOW HITPOINT WARNING * * *
The ice beast freezes you!
You die...

, #§§§§§§§§§,
#§§§§§§§§§
#§§§§§§§§§
#§§§§§§§§§ ,
#§§○☼§§§§§
§§####§§§§§§§§§
,
§§§§§§§Y§§§o§§§
,, *** #@#*** *
* * *. ###J# #.
#.§§# * , #.#
#§### , ,* *
##..####§# ,
#....#.§.# *
##..§§## * , ,
* #..§§.# ,, ,
, #..###.### ,
* ,


You could see an ice beast, a jelly and an orc.

Vanquished Creatures
  A black bear (D:5)
  An ogre (D:4)
  A centaur (D:6)
  A necrophage (D:6)
  3 scorpions
  4 wights (D:6)
  3 killer bees (D:5)
  3 hounds
  An iguana (D:5)
  An orc wizard (D:6)
  Ijyb (D:3)
  5 gnolls
  4 adders
  A shadow imp (D:6)
  4 orcs
  An endoplasm (D:1)
  A giant cockroach (D:3)
  9 goblins
  4 hobgoblins
  3 jackals (D:2)
  3 kobolds
  3 quokkas
  3 ball pythons
  2 bats
  A rat (D:2)
64 creatures vanquished.

Notes
Turn   | Place    | Note
-------+----------+-------------------------------------------
     0 | D:1      | hawla the Meteoran Ice Elementalist began the quest for the
                  | Orb.
     0 | D:1      | Reached XP level 1. HP: 14/14 MP: 5/5
    56 | D:1      | Reached XP level 2. HP: 3/20 MP: 2/6
    83 | D:1      | Found Rakuyrit's Magic Scroll Shop.
    98 | D:1      | Found Siageteps's Armour Emporium.
   113 | D:2      | Reached skill level 5 in Ice Magic
   113 | D:2      | Reached XP level 3. HP: 11/26 MP: 2/8
   118 | D:2      | Learned a level 3 spell: Frozen Ramparts
   381 | D:2      | Reached XP level 4. HP: 33/33 MP: 6/9
   388 | D:3      | Noticed Ijyb
   405 | D:2      | Learned a level 4 spell: Hailstorm
   412 | D:3      | Killed Ijyb
   413 | D:3      | Reached skill level 1 in Conjurations
   568 | D:4      | Reached XP level 5. HP: 15/38 MP: 4/11
   687 | D:4      | Found a staircase to the Ecumenical Temple.
   692 | D:4      | Reached XP level 6. HP: 35/45 MP: 3/12
   703 | Temple   | Entered the Ecumenical Temple
   947 | Temple   | Became a worshipper of Vehumet
  1100 | D:4      | Noticed an ogre
  1107 | D:4      | Killed an ogre
  1108 | D:4      | Reached skill level 5 in Conjurations
  1147 | D:5      | Entered Level 5 of the Dungeon
  1332 | D:5      | Reached skill level 1 in Evocations
  1332 | D:5      | Reached XP level 7. HP: 39/50 MP: 3/14
  1332 | D:5      | Found an iron altar of Okawaru.
  1538 | D:5      | Reached skill level 6 in Ice Magic
  1543 | D:5      | Reached skill level 1 in Long Blades
  1544 | D:5      | Reached skill level 5 in Spellcasting
  1570 | D:6      | Reached XP level 8. HP: 53/57 MP: 8/16
  1621 | D:6      | Learned a level 3 spell: Inner Flame
  1657 | D:6      | HP: 1/57 [ice beast (11)]
  1658 | D:6      | Mangled by an ice beast

Illustrated notes

Levels and vault maps discovered:
D:1:      roderic_chinese_lattice_arrival, layout_basic, serial_shops,
          nicolae_shop_crystal, shop, shop
D:2:      layout_basic, minmay_surrounded
D:3:      layout_basic, ebering_ecumenical_altar_rust, uniq_grinder,
          uniq_natasha, uniq_crazy_yiuf_cottage, uniq_ijyb
D:4:      layout_cave_pools, minmay_temple_entry_water_ring
D:5:      layout_cave_pods, okawaru_altar_gauntlet_db,
          chequers_serial_rivers_marsh
D:6:      cheibrodos_quashed, layout_rooms, mainiacjoe_overflow_alcove_4,
          minmay_bent
Temple:   compressed_dpeg_triangle_lava_temple

Skill      XL: |  1  2  3  4  5  6  7  8 |
---------------+-------------------------+-----
Spellcasting   | 3 4 5 |  5.9
Ice Magic      | 5 6 |  6.8
Conjurations   | 3 4 5 |  5.8
Evocations     | 1 2 |  2.0
Long Blades    | 1 2 |  2.0
Dodging        | 3 |  3.0
Hexes          | 2 |  2.5
Fire Magic     | 3 |  3.1
Fighting       | |  0.2
Stealth        | |  1.4

Action                   |  1- 3 |  4- 6 |  7- 9 || total
-------------------------+-------+-------+-------++-------
Melee: Unarmed           |    14 |       |       ||    14
       Long sword        |       |    17 |    14 ||    31
 Cast: Freeze            |    34 |    15 |     4 ||    53
       Frozen Ramparts   |       |    10 |     8 ||    18
       Hailstorm         |       |     5 |     6 ||    11
       Inner Flame       |       |       |     3 ||     3
Evoke: Wand              |       |       |     1 ||     1
  Use: Potion            |       |     2 |     3 ||     5
       Scroll            |       |     5 |     1 ||     6
Armor: Robe              |    13 |     2 |     3 ||    18
       Skin              |       |     9 |       ||     9
Dodge: Dodged            |    24 |    18 |    19 ||    61
